 Dungeon Crawl Stone Soup version 0.26-b1-32-g5d43845318 (webtiles) character file.

Game seed: 395593580607228423

46 tsouns the Sneak (level 3, 0/16 HPs)
             Began as a Spriggan Ice Elementalist on Jan 13, 2021.
             Slain by a gnoll
             ... wielding a +0 club
              (7 damage)
             ... on level 1 of the Dungeon.
             The game lasted 00:01:55 (1216 turns).

tsouns the Sneak (Spriggan Ice Elementalist)        Turns: 1216, Time: 00:01:56

Health: 0/16       AC:  2    Str:  4    XL:     3   Next: 46%
Magic:  0/9        EV: 18    Int: 17    God:
Gold:   93         SH:  0    Dex: 16    Spells: 8/9 levels left

rFire    . . .     SeeInvis +   f - +2 dagger (vamp)
rCold    . . .     Faith    .   (shield restricted)
rNeg     . . .     Spirit   .   a - +0 robe
rPois    .         Reflect  .   (helmet restricted)
rElec    .         Harm     .   (no cloak)
rCorr    .         Rampage  .   (gloves unavailable)
Will     .....                  (boots unavailable)
Stlth    +++.......             (no amulet)
HPRegen  0.05/turn              (no ring)
MPRegen  0.11/turn              (no ring)

@: very quick
A: very small, unfitting armour, see invisible, speed 3
a: no special abilities


You were on level 1 of the Dungeon.
You visited 1 branch of the dungeon, and saw 2 of its levels.

You collected 93 gold pieces.

Inventory:

Hand Weapons
 c - a +0 dagger
 f - a +2 vampiric dagger (weapon)
Armour
 a - a +0 robe (worn)
Scrolls
 b - 4 scrolls of fear {unknown}
 d - a scroll of amnesia {unknown}
 e - a scroll of magic mapping {unknown}
 i - a scroll of remove curse {unknown}
Potions
 g - a potion of magic {unknown}
 h - 2 potions of curing {unknown}


   Skills:
 - Level 3.0 Dodging
 + Level 4.3 Stealth
 + Level 3.6 Spellcasting
 + Level 3.6 Ice Magic


You had 8 spell levels left.
You knew the following spells:

 Your Spells              Type           Power        Failure   Level
a - Freeze                Ice            60%          3%          1

Your spell library contained the following spells:

 Spells                   Type           Power        Failure   Level
 Frozen Ramparts          Ice            30%          11%         3
 Ozocubu's Armour         Ice            15%          11%         3
 Hailstorm                Conj/Ice       9%           61%         4
 Summon Ice Beast         Ice/Summ       9%           61%         4


Dungeon Overview and Level Annotations

Branches:
Dungeon (2/15)

Altars:


Innate Abilities, Weirdness & Mutations

You are very small and have problems with some larger weapons.
You are too small for most types of armour.
You have supernaturally acute eyesight. (SInv)
You cover ground extremely quickly.


Message History

The gnoll is moderately wounded.
The gnoll misses you.
You closely miss the gnoll.
The gnoll is moderately wounded.
The gnoll completely misses you.
You hit the gnoll but do no damage.
The gnoll is moderately wounded.
The gnoll hits you with a +0 club.
You closely miss the gnoll.
The gnoll is moderately wounded.
The gnoll barely misses you.
Casting: Freeze (safe; 3% risk of failure)
Confirm with . or Enter, or press ? or * to list all spells.
Aiming: Freeze (safe; 3% risk of failure)
Press: ? - help, Shift-Dir - straight line, f - gnoll
Aim: a gnoll, wielding a +0 club (moderately wounded)
You freeze the gnoll.
The gnoll is severely wounded.
The gnoll hits you with a +0 club!
You die...

######## #......#
#......# #......#
#....†.# #......#
####......############
.............).g@....#
#####....##.##########
#....##.# #######.#
#.# #.# #.# #.# #.#


You could see a gnoll.

Vanquished Creatures
  2 gnolls (D:2)
  A leopard gecko (D:1)
  2 giant cockroaches
  6 goblins
  3 hobgoblins (D:1)
  A kobold (D:1)
  6 bats
  A frilled lizard (D:1)
  5 rats (D:1)
27 creatures vanquished.

Notes
Turn   | Place    | Note
-------+----------+-------------------------------------------
     0 | D:1      | tsouns the Spriggan Ice Elementalist began the quest for
                  | the Orb.
     0 | D:1      | Reached XP level 1. HP: 9/9 MP: 5/5
   235 | D:1      | Reached XP level 2. HP: 13/13 MP: 4/7
  1172 | D:2      | Reached skill level 4 in Stealth
  1205 | D:2      | Reached XP level 3. HP: 16/16 MP: 2/8
  1216 | D:1      | Slain by a gnoll

Illustrated notes

Levels and vault maps discovered:
D:1:      lightli_arrival_statuegarden, layout_basic, minmay_quantized
D:2:      layout_basic

Skill      XL: |  1  2 |
---------------+-------+-----
Spellcasting   | 3 |  3.6
Stealth        | 4 |  4.3
Dodging        | |  3.0
Ice Magic      | |  3.6

Action                   || total
-------------------------++-------
Melee: Dagger            ||    24
 Cast: Freeze            ||    35
 Stab: Sleeping          ||     3
Armor: Robe              ||     3
Dodge: Dodged            ||    31
